 Dungeon Crawl Stone Soup version 0.29-a0-234-g0dae59b3db (webtiles) character file.

Game seed: 1439184394251384469

158 fragbeetle the Changer (level 5, -9/40 HPs)
             Began as a Draconian Transmuter on Mar 3, 2022.
             Shot with an arrow by a centaur (13 damage)
             ... on level 5 of the Dungeon.
             The game lasted 00:03:44 (3180 turns).

fragbeetle the Changer (Draconian Transmuter)       Turns: 3180, Time: 00:03:45

Health: -9/40      AC:  6    Str: 14    XL:     5   Next: 16%
Magic:  8/8        EV: 12    Int: 13    God:
Gold:   204        SH:  0    Dex: 12    Spells: 0/8 levels left

rFire   x . .      SeeInvis +     - Unarmed
rCold   + . .      Faith    .   (no shield)
rNeg    . . .      Spirit   .   (body armour unavailable)
rPois   .          Reflect  .   (helmet restricted)
rElec   .          Harm     .   d - +0 cloak
rCorr   .          Rampage  .   (no gloves)
Will    .....                   (no boots)
Stlth   +.........              f - amulet of magic regeneration
HPRegen 0.13/turn               k - ring of see invisible
MPRegen 0.51/turn               j - ring of ice

@: weak-willed
A: AC +5, unfitting armour, cold-blooded
a: no special abilities


You were on level 5 of the Dungeon.
You visited 1 branch of the dungeon, and saw 5 of its levels.

You collected 204 gold pieces.

Inventory:

Missiles
 o - 5 poisoned darts
Armour
 d - a +0 cloak (worn)
Jewellery
 f - an amulet of magic regeneration (around neck)
 j - a ring of ice (right hand)
 k - a ring of see invisible (left hand)
Scrolls
 h - a scroll of fog
 i - a scroll of identify
 n - a scroll of teleportation {unknown}
 p - a scroll of magic mapping {unknown}
Potions
 a - 2 potions of brilliance
 b - a potion of curing {unknown}
 e - a potion of berserk rage {unknown}
 g - a potion of haste {unknown}
 l - a potion of attraction {unknown}


   Skills:
 - Level 1.1 Fighting
 - Level 1.7 Dodging
 - Level 3.0 Unarmed Combat
 - Level 2.0 Spellcasting
 + Level 5.3 Transmutations
 + Level 0.4 Ice Magic


You couldn't memorise any spells.
You knew the following spells:

 Your Spells              Type           Power      Damage    Failure   Level
a - Beastly Appendage     Tmut           30%        N/A       2%          1
b - Spider Form           Tmut/Pois      8%         N/A       26%         3
c - Ice Form              Ice/Tmut       13%        N/A       61%         4

Your spell library contained the following spells:

 Spells                   Type           Power      Damage    Failure   Level
 Wereblood                Tmut           15%        N/A       4%          2
 Summon Small Mammal      Summ           4%         N/A       26%         1
 Call Canine Familiar     Summ           1%         N/A       58%         3
 Summon Guardian Golem    Hex/Summ       1%         N/A       58%         3


Dungeon Overview and Level Annotations

Branches:
Dungeon (5/15)
 Temple: D:4-7

Altars:

Shops:
D:4 [


Innate Abilities, Weirdness & Mutations

Your plain brown scales are hard. (AC +5)
You cannot fit into any form of body armour.
You are cold-blooded and may be slowed by cold attacks.


Message History

The ball python bites you.
* * * LOW HITPOINT WARNING * * *
The ball python constricts you.
* * * LOW HITPOINT WARNING * * *
As you read the scroll labelled RINEGO ANYVOUST, it crumbles to dust.
Magic quickly surges around you.
It was a scroll of vulnerability.
The wyvern bites you.
* * * LOW HITPOINT WARNING * * *
The kobold hits you but does no damage. The wyvern closely misses you.
The ball python barely misses you. The ball python constricts you.
Unknown command.
As you read the scroll labelled LAASEKKECWA, it crumbles to dust.
You assume a fearsome visage.
The ball python looks frightened!
The kobold looks frightened!
The wyvern looks frightened!
It was a scroll of fear.
The ball python loses its grip on you.
You climb downwards.
There is a stone staircase leading up here.
A gnoll comes into view. It is wielding a +0 whip.
The gnoll shouts!
You hear a shout!
A gnoll comes into view. It is wielding a +0 flail.
A gnoll comes into view. It is wielding a +0 halberd.
A gnoll comes into view. It is wielding a +0 whip.
There are monsters nearby!
Unknown command.
The jackal barks!
There is a stone staircase leading up here.
Found 9 gold pieces.
There is an escape hatch in the floor here.
The jackal closely misses you.
You slide downwards.
The hatch slams shut behind you.
Found a stone staircase leading up.
A centaur comes into view.
The centaur wields a +0 shortbow.
The centaur shoots an arrow.
The arrow barely misses you.
The centaur shoots an arrow.
The arrow hits you.
* * * LOW HITPOINT WARNING * * *
There is a stone staircase leading up here.
The centaur shoots an arrow.
The arrow closely misses you.
The centaur shoots an arrow.
The arrow hits you!
You die...

### ###.#
##...##
#....@#
#.....##
..c.....#
..##....#
# ##...#
#####


You could see a centaur.

Vanquished Creatures
  An iguana (D:3)
  7 adders
  3 worms
  A dart slug (D:1)
  2 orcs
  4 endoplasms
  2 giant cockroaches
  5 goblins
  4 hobgoblins
  5 quokkas
  5 ball pythons
  7 bats
  6 kobolds
  6 rats
58 creatures vanquished.

Vanquished Creatures (others)
  14 plants (D:2)
14 creatures vanquished.

Grand Total: 72 creatures vanquished

Notes
Turn   | Place    | Note
-------+----------+-------------------------------------------
     0 | D:1      | fragbeetle the Draconian Transmuter began the quest for the
                  | Orb.
     0 | D:1      | Reached XP level 1. HP: 16/16 MP: 3/3
   307 | D:1      | Reached XP level 2. HP: 16/23 MP: 3/5
   317 | D:1      | Reached skill level 3 in Transmutations
   903 | D:2      | Reached XP level 3. HP: 28/28 MP: 4/6
  1230 | D:2      | You fall into a shaft and drop 1 floor!
  1319 | D:2      | Reached skill level 4 in Transmutations
  1688 | D:2      | Reached XP level 4. HP: 35/35 MP: 7/7
  1692 | D:2      | Learned a level 3 spell: Spider Form
  1969 | D:2      | Found a faded altar of an unknown god.
  2587 | D:3      | Reached skill level 5 in Transmutations
  2731 | D:3      | Reached XP level 5. HP: 31/40 MP: 8/8
  2886 | D:3      | Learned a level 4 spell: Ice Form
  3031 | D:4      | Found Voumm's Antique Armour Shoppe.
  3133 | D:4      | Noticed a wyvern
  3138 | D:3      | HP: 2/40 [wyvern (5)]
  3152 | D:5      | Entered Level 5 of the Dungeon
  3177 | D:5      | Noticed a centaur
  3180 | D:5      | Shot with an arrow by a centaur

Illustrated notes

Levels and vault maps discovered:
D:1:      saegor_arrival_simple_a, layout_basic
D:2:      layout_loops_ring, dilly_ecumenical_altar_fadedgnrine
D:3:      layout_basic
D:4:      layout_rooms, serial_shops, nicolae_shop_waterfront
D:5:      layout_cave_pods, moated_statue

Skill      XL: |  1  2  3  4 |
---------------+-------------+-----
Transmutations | 3 4 5 |  5.3
Fighting       | |  1.1
Dodging        | |  1.7
Unarmed Combat | |  3.0
Spellcasting   | |  2.0
Ice Magic      | |  0.4

Action                   |  1- 3 |  4- 6 || total
-------------------------+-------+-------++-------
Melee: Unarmed           |    97 |    56 ||   153
       Kick              |    23 |    10 ||    33
       Tailslap          |    11 |     6 ||    17
       Headbutt          |     9 |    12 ||    21
       Punch             |     3 |       ||     3
 Cast: Beastly Appendage |    23 |    19 ||    42
       Spider Form       |       |     1 ||     1
  Use: Scroll            |       |     4 ||     4
 Stab: Sleeping          |     1 |       ||     1
Armor: Skin              |    17 |    19 ||    36
Dodge: Dodged            |    64 |    40 ||   104

Table legend: (Time is in decaauts)
 A = Elapsed time spent in this place.
 B = Non-inter-level travel time spent in this place.
 C = Inter-level travel time spent in this place.
 D = Time resting spent in this place.
 E = Time spent auto-exploring this place.
 F = Levels seen in this place.
 G = Mean time per level.
                   A        B        C        D        E       F      G
               +--------+--------+--------+--------+--------+-----+--------+
         Total |   3174 |   3006 |    168 |      0 |   2571 |   5 |  634.8 |
       Dungeon |   3174 |   3006 |    168 |      0 |   2571 |   5 |  634.8 |
               +--------+--------+--------+--------+--------+-----+--------+

Top non-repeatable levels by time:
     D:3: 1164 daAuts
     D:2: 1120 daAuts
     D:1: 828 daAuts
     D:4: 33 daAuts
     D:5: 27 daAuts
